 Dungeon Crawl Stone Soup version 0.30-b1-2-g02819fbbbe (webtiles) character file.

Game seed: 15093837588666863501

120599 LLlMATKO the Warrior (level 16, -2/228 HPs)
             Began as a Minotaur Berserker on Oct 25, 2023.
             Was a High Priest of Trog.
             Slain by a spriggan rider
             ... wielding a +0 spear
              (14 damage)
             ... on level 1 of the Swamp.
             The game lasted 00:38:14 (32383 turns).

LLlMATKO the Warrior (Minotaur Berserker)          Turns: 32383, Time: 00:38:15

Health: -2/228     AC: 37    Str: 27    XL:     16   Next: 30%
Magic:  9/15       EV: 10    Int:  1    God:    Trog [*****.]
Gold:   1052       SH: 23    Dex: 13    Spells: 15/15 levels left

rFire   + + .        O - +6 war axe (flame)
rCold   + . .        U - +0 tower shield
rNeg    + . .        z - +2 crystal plate armour {rC+}
rPois   .            x - +2 hat {Stlth+}
rElec   +            C - +0 cloak
rCorr   .            v - +2 pair of gloves {infuse}
SInv    .            y - +2 pair of boots {Stlth+}
Will    +....        I - amulet of reflection Stlth
                     m - ring of flight
HPRegen 0.58/turn    A - ring "Pafusuass" {+Blink rElec rF++ rN+ Int-3}
MPRegen 0.14/turn

%: reflection, infuse magic (1 MP)
@: berserking (expiring), lethally poisoned (-2 -> -12), flying, very quick
A: horns 2, retaliatory headbutt
a: Renounce Religion, Evoke Blink, Berserk, Trog's Hand, Brothers in Arms


You were on level 1 of the Swamp.
You worshipped Trog.
Trog was extremely pleased with you.
You visited 4 branches of the dungeon, and saw 23 of its levels.
You visited the Abyss 1 time.
You also visited: Ossuary, Gauntlet, Ice Cave and Volcano.

You collected 2824 gold pieces.
You spent 1772 gold pieces at shops.

Inventory:

Hand Weapons
 b - the +7 great mace "Undeadhunter" {deathbane, rN+}
   (You found it on level 7 of the Dungeon)

   rN:        It protects you from negative energy.
 D - a +6 antimagic war axe
 O - a +6 war axe of flaming (weapon)
 P - a +0 broad axe of protection
 T - a +1 hand crossbow of flaming
 W - the +8 whip "Snakebite" {venom, curare, rPois}
   (You found it on level 4 of the Lair of Beasts)

   rPois:     It protects you from poison.
Missiles
 a - 5 throwing nets
 k - 8 javelins (quivered)
 r - 57 poisoned darts
 H - 5 silver javelins
Armour
 v - a +2 pair of gloves of infusion (worn)
 x - a +2 hat of stealth (worn)
 y - a +2 pair of boots of stealth (worn)
 z - a +2 crystal plate armour of cold resistance (worn)
 C - a +0 cloak (worn)
 U - a +0 tower shield (worn)
Jewellery
 m - a ring of flight (left hand)
 n - a ring of resist corrosion
 A - the ring "Pafusuass" (right hand) {+Blink rElec rF++ rN+ Int-3}
   (You found it on level 6 of the Dungeon)

   [ring of positive energy]

   Int:       It affects your intelligence (-3).
   rF:        It greatly protects you from fire.
   rElec:     It insulates you from electricity.
   rN:        It protects you from negative energy.
   +Blink:    It lets you blink.
 I - an amulet of reflection (around neck)
 S - the ring "Zophuaso" {rF+ rN+ Will+}
   (You bought it in a shop on level 9 of the Dungeon)

   [ring of protection from fire]

   rF:        It protects you from fire.
   rN:        It protects you from negative energy.
   Will:      It increases your willpower.
 V - a ring of ice
 Y - the ring "Anurr" {*Corrode Int+8 Dex+6 Slay+6}
   (You found it in a Gauntlet)

   [ring of dexterity]

   Int:       It affects your intelligence (+8).
   Dex:       It affects your dexterity (+6).
   Slay:      It affects your accuracy & damage with ranged weapons and melee
   (+6).
   *Corrode:  It may corrode you when you take damage.
 Z - the ring of Coqouz {Wiz +Blink Fly Dex-3 Slay+4}
   (You took it off a minotaur in a Gauntlet)

   [ring of wizardry]

   It improves your spell success rate.
   Dex:       It affects your dexterity (-3).
   Slay:      It affects your accuracy & damage with ranged weapons and melee
   (+4).
   Fly:       It grants you flight.
   +Blink:    It lets you blink.
Wands
 f - a wand of flame (64)
 u - a wand of paralysis (17)
 B - a wand of acid (16)
 K - a wand of mindburst (10)
 N - a wand of iceblast (10)
 Q - a wand of digging (10)
Scrolls
 c - 9 scrolls of enchant armour
 g - 5 scrolls of poison
 h - 14 scrolls of identify
 i - a scroll of blinking
 l - 2 scrolls of silence
 q - 5 scrolls of vulnerability
 w - 10 scrolls of teleportation
 F - 3 scrolls of enchant weapon
 J - a scroll of noise
 L - 3 scrolls of fog
 M - a scroll of acquirement {unknown}
 X - a scroll of magic mapping
Potions
 d - 11 potions of curing
 e - 3 potions of invisibility
 j - a potion of berserk rage
 o - 11 potions of might
 p - 2 potions of flight
 s - 3 potions of haste
 t - 9 potions of heal wounds
 E - 3 potions of resistance
 G - a potion of ambrosia
 R - a potion of cancellation


   Skills:
 + Level 16.7 Fighting
 + Level 16.7 Axes
 + Level 16.6 Armour
 + Level 15.3 Dodging
 + Level 14.1 Shields


You had 15 spell levels left.
You didn't know any spells.
Your spell library was empty.

Dungeon Overview and Level Annotations

Branches:
Dungeon (15/15)            Temple (0/1) D:4            Lair (5/5) D:9
  Swamp (1/4) Lair:2       Spider (0/4) Lair:2        Slime (0/5) Lair:4
    Orc (2/2) D:12            Elf (0/3) Orc:2        Vaults (0/5) D:13
 Depths (0/4) D:15        Ossuary (visited)           IceCv (visited)
Volcano (visited)         Gauntlet (visited)

Altars:
Fedhas
Kikubaaqudgha
Nemelex Xobeh
Ru
Trog
Vehumet
Jiyva

Shops:
D:6 *   D:8 !   D:9 !?***   D:15 ::   Orc:2 ?=[(

Annotations:
D:14 2 runed translucent doors, Ficoysum's ghost, journeyman GnWn


Innate Abilities, Weirdness & Mutations

You have a pair of horns on your head.
You reflexively headbutt those who attack you in melee.


Message History

You feel a strong urge to attack something.
You are engulfed in noxious fumes.
* * * LOW HITPOINT WARNING * * *
You feel very sick. The swamp drake breathes poison at you.
The noxious blast engulfs you but does no damage.
You are more poisoned.
You are engulfed in noxious fumes.
You feel less confused.
* * * LOW HITPOINT WARNING * * *
You feel very sick.
Unknown command.
You slice the swamp drake!! You burn the swamp drake.
You kill the swamp drake!
Trog accepts your kill.
* * * LOW HITPOINT WARNING * * *
You feel very sick.
The spriggan rider is engulfed in noxious fumes.
You block the spriggan rider's attack.
A swamp worm comes into view.
* * * LOW HITPOINT WARNING * * *
You feel very sick.
The spriggan rider is engulfed in noxious fumes.
You block the spriggan rider's attack.
Things that are here:
+0 swamp dragon scales; a swamp drake corpse; a swamp dragon corpse You closely miss the spriggan rider.
* * * LOW HITPOINT WARNING * * *
You feel very sick.
The swamp worm fires a harpoon shot at you.
You block harpoon shot... and reflect it back!
The harpoon shot hits the swamp worm!!
Unknown command.
You hit the spriggan rider. You burn the spriggan rider.
You headbutt the spriggan rider!
The spriggan rider is moderately wounded.
* * * LOW HITPOINT WARNING * * *
You feel very sick.
The spriggan rider hits you with a +0 spear!
You die...

.§~~~. ♣~w~.~.~~ .~♣.
♣~..~.~i§ .~.§~
♣♣♣♣...~.~.. ♣♣~...
♣.~....~~~~~~~
♣..~..♣♣.~~.♣.~~~.~~~~
♣....~.♣.?..♣~....~~~.
.~.§.~.~♣.@.~♣
..~~.♣♣♣
♣§....~.~~~i~♣ ~
...♣~~♣♣♣
..~~...~...♣.♣♣~~
♣~~~~.†
~.~......♣♣....~~
♣♣.~~..
..~...~♣♣.....!..
♣.~..♣
......~...........
♣...♣♣
♣.....~..###.####.
♣♣.♣♣ ....♣....#..#÷..
♣~..♣♣
~....~.............♣
♣♣~.♣.♣


You could see a spriggan rider and a swamp worm.

Vanquished Creatures
  Rupert (Lair:3)
  Gastronok (D:11)
  Roxanne (D:15)
  Louise (D:15)
  An eleionoma (Swamp:1)
  A bunyip (Swamp:1)
  Azrael (Orc:2)
  A minotaur (Gauntlet)
  A dire elephant (Lair:5)
  Snorg (D:12)
  6 ogre magi
  4 catoblepae
  8 hydras
  Erolcha (D:9)
  2 centaur warriors
  An alligator (Swamp:1)
  4 boulder beetles
  6 death yaks
  A deep troll shaman (Lair:5)
  2 death scarabs (Gauntlet)
  2 tengu warriors (D:15)
  17 two-headed ogres
  A hell knight (Volcano)
  A fire crab (Lair:3)
  2 skysharks (Lair:5)
  A wizard (D:13)
  A swamp dragon (Swamp:1)
  2 necromancers
  5 deep elf pyromancers
  Pikel (D:9)
  7 ugly things
  An orc knight (Orc:1)
  A deep elf zephyrmancer (D:15)
  5 cyclopes
  2 manticores
  12 orc sorcerers
  An oklob plant (Lair:1)
  26 elephants
  A spectral boulder beetle (Gauntlet)
  A will-o-the-wisp (Swamp:1)
  An ice statue (IceCv)
  Joseph (D:7)
  10 black mambas
  An apocalypse crab (Gauntlet)
  2 torpor snails
  9 cane toads
  A centaur skeleton (D:15)
  3 freezing wraiths
  3 kobold demonologists
  4 rime drakes
  Maggie (D:9)
  An anaconda simulacrum (IceCv)
  An unseen horror (D:12)
  An efreet (D:13)
  12 ice devils (IceCv)
  15 komodo dragons
  8 trolls
  A merfolk (D:10)
  3 tyrant leeches (Swamp:1)
  A polar bear (Lair:5)
  5 blink frogs (Lair:2)
  2 hornets
  Prince Ribbit (D:7)
  A meliai zombie (D:15)
  A spectral black mamba (Gauntlet)
  2 jumping spiders (Lair:2)
  A spectral dream sheep (Gauntlet)
  3 dream sheep (Lair:1)
  2 culicivoras (Lair:2)
  3 vampires
  2 wyverns
  A dire elephant simulacrum (IceCv)
  A spriggan (Lair:2)
  2 shadows
  4 fire elementals (Orc:2)
  A wraith (D:11)
  60 yaks
  A human (D:9)
  11 vampire mosquitoes
  3 basilisks
  4 hogs (D:9)
  6 death yak simulacra (IceCv)
  2 redbacks (Lair:2)
  A steam dragon (D:9)
  3 swamp worms (Swamp:1)
  2 acid dragons
  A spectral cane toad (Gauntlet)
  5 harpy simulacra (IceCv)
  15 water moccasins
  5 wargs
  2 hydra simulacra (IceCv)
  4 hell hounds (Orc:2)
  A swamp drake (Swamp:1)
  23 orc warriors
  A sky beast (D:7)
  2 black bears
  13 ogres
  6 wolves (Lair:5)
  15 centaurs
  The ghost of mavignon the Magician, an amateur DjFE (D:5)
  3 kobold brigands
  4 lemures (D:9)
  An elf zombie (Ossuary)
  13 bullfrogs
  2 gnoll sergeants (D:8)
  2 scorpions
  A two-headed ogre simulacrum (IceCv)
  4 cane toad simulacra (IceCv)
  5 wights (D:7)
  2 elephant simulacra (IceCv)
  6 killer bees (D:8)
  7 howler monkeys
  6 electric eels
  5 centaur zombies
  7 jellies
  16 orc priests
  2 hounds (D:4)
  2 human zombies (Ossuary)
  10 hell rats
  5 iguanas
  44 orc wizards
  4 polar bear simulacra (IceCv)
  A spriggan simulacrum (IceCv)
  2 troll simulacra (IceCv)
  4 wolf simulacra (IceCv)
  2 mummies (Ossuary)
  14 gnolls
  11 adders
  A river rat (D:9)
  A shadow imp (D:6)
  16 white imps
  An ufetubus (IceCv)
  An adder zombie (Ossuary)
  2 dart slugs
  98 orcs
  5 bats
  9 endoplasms
  A giant cockroach (D:4)
  19 goblins
  19 hobgoblins
  3 jackals
  7 quokkas
  10 ball pythons
  A goblin zombie (Ossuary)
  4 hobgoblin zombies (Ossuary)
  A jackal zombie (Ossuary)
  43 kobolds
  8 kobold zombies (Ossuary)
  13 orc zombies (Ossuary)
  3 rats
  2 rat zombies (Ossuary)
  15 bushes
901 creatures vanquished.

Vanquished Creatures (collateral kills)
  2 orcs (D:9)
2 creatures vanquished.

Vanquished Creatures (others)
  A goliath frog (Swamp:1)
  A bloated husk (Swamp:1)
  An orc wizard (Orc:2)
  A bush (Lair:2)
  A foxfire (Swamp:1)
  20 fungi
  142 plants
167 creatures vanquished.

Grand Total: 1070 creatures vanquished

Notes
Turn   | Place    | Note
-------+----------+-------------------------------------------
     0 | D:1      | LLlMATKO the Minotaur Berserker began the quest for the
                  | Orb.
     0 | D:1      | Reached XP level 1. HP: 19/19 MP: 0/0
   247 | D:1      | Reached XP level 2. HP: 27/27 MP: 1/1
   575 | D:1      | Reached ** piety under Trog
   651 | D:1      | Reached XP level 3. HP: 27/33 MP: 2/2
  1044 | D:2      | Reached XP level 4. HP: 37/41 MP: 3/3
  2044 | D:3      | Found a faded altar of an unknown god.
  2125 | D:3      | Reached *** piety under Trog
  2275 | D:4      | Reached XP level 5. HP: 47/47 MP: 4/4
  2353 | D:4      | Found a staircase to the Ecumenical Temple.
  2449 | D:4      | Reached skill level 5 in Fighting
  2449 | D:4      | Reached skill level 5 in Axes
  2540 | D:4      | Reached XP level 6. HP: 56/56 MP: 5/5
  2749 | D:5      | Entered Level 5 of the Dungeon
  3075 | D:5      | Reached skill level 5 in Armour
  3260 | D:5      | Found a runed translucent door.
  3275 | D:5      | Reached XP level 7. HP: 54/62 MP: 6/6
  3682 | D:5      | Noticed mavignon's ghost (amateur DjFE)
  3803 | D:6      | Reached skill level 5 in Dodging
  4315 | D:6      | Reached **** piety under Trog
  4763 | D:6      | Reached XP level 8. HP: 71/71 MP: 7/7
  4815 | D:6      | Reached ***** piety under Trog
  5024 | D:6      | Found Ycsiahi's General Store.
  5155 | D:6      | Identified the ring "Pafusuass" {+Blink rElec rF++ rN+
                  | Int-3}
  5403 | D:7      | Found the +7 great mace "Undeadhunter" {deathbane, rN+}
  5445 | D:7      | Found a sand-covered staircase.
  5453 | Ossuary  | Entered an ossuary
  5464 | Ossuary  | Received a gift from Trog
  5781 | D:7      | Noticed Prince Ribbit
  5801 | D:7      | Killed Prince Ribbit
  5903 | D:7      | Noticed Joseph
  5913 | D:7      | Killed Joseph
  5914 | D:7      | Reached XP level 9. HP: 81/81 MP: 8/8
  6001 | D:7      | Noticed a kobold demonologist
  6014 | D:7      | Killed a kobold demonologist
  7189 | D:8      | Noticed an orc sorcerer
  7313 | D:8      | Found Pij Azoa's Distillery.
  7576 | D:8      | Noticed a sixfirhy
  7579 | D:8      | Noticed a red devil
  7581 | D:8      | Killed an orc sorcerer
  7582 | D:8      | Reached XP level 10. HP: 74/91 MP: 9/9
  8215 | D:9      | Paralysed by a hornet for 2 turns
  8283 | D:9      | Noticed a death yak
  8286 | D:9      | Found a staircase to the Lair.
  8286 | D:9      | Noticed a death yak
  8286 | D:9      | Noticed a death yak
  8295 | D:9      | Killed a death yak
  8296 | D:9      | Reached skill level 1 in Shields
  8301 | D:9      | Killed a death yak
  8302 | D:9      | Reached skill level 10 in Fighting
  8302 | D:9      | Reached skill level 10 in Axes
  8303 | D:9      | Killed a death yak
  8553 | D:9      | Found Poteig's Distillery.
  8637 | D:9      | Reached skill level 10 in Armour
  8808 | D:9      | Found a blossoming altar of Fedhas.
  8817 | D:9      | Found Quwusch's Assorted Antiques.
  8868 | D:9      | Noticed Pikel
  8886 | D:9      | Killed Pikel
  8887 | D:9      | Reached XP level 11. HP: 77/101 MP: 1/10
  9072 | D:9      | Noticed Maggie
  9077 | D:9      | Killed Maggie
  9109 | D:9      | Found Goynkewk's Assorted Antiques.
  9178 | D:9      | Noticed Erolcha
  9178 | Abyss:1  | Cast into level 1 of the Abyss (Erolcha)
  9222 | D:9      | Escaped the Abyss
  9235 | D:9      | Killed Erolcha
  9330 | D:9      | Found Okkaov's Magic Scroll Shop.
  9428 | D:9      | Found Geetuod's Assorted Antiques.
  9436 | D:9      | Bought a transparent lead ring for 170 gold pieces
  9436 | D:9      | Identified the ring "Zophuaso" {rF+ rN+ Will+} (You bought
                  | it in a shop on level 9 of the Dungeon)
  9633 | D:10     | Entered Level 10 of the Dungeon
  9639 | D:10     | Reached skill level 5 in Shields
  9783 | D:10     | Found a bloodstained altar of Trog.
 10065 | D:10     | Noticed a two-headed ogre
 10075 | D:10     | Killed a two-headed ogre
 10076 | D:10     | Reached skill level 10 in Dodging
 10161 | D:10     | Found a sparkling altar of Nemelex Xobeh.
 10704 | Lair:1   | Entered Level 1 of the Lair of Beasts
 11677 | Lair:1   | Noticed an oklob plant
 12416 | Lair:1   | Killed an oklob plant
 12417 | Lair:1   | Reached XP level 12. HP: 112/112 MP: 0/11
 12972 | Lair:2   | Received a gift from Trog
 12993 | Lair:2   | Identified the +0 falchion "Qifudi" {holy, rF+ rC- Will+
                  | Int+3}
 13182 | Lair:2   | Found a staircase to the Swamp.
 13687 | Lair:2   | Found a hole to the Spider Nest.
 15304 | Lair:3   | Reached XP level 13. HP: 116/122 MP: 7/12
 15363 | Lair:3   | Noticed Rupert
 15374 | Lair:3   | Killed Rupert
 17117 | Lair:4   | Reached skill level 10 in Shields
 17256 | Lair:4   | Found a runed translucent door.
 17257 | Lair:4   | Found a viscous altar of Jiyva.
 17259 | Lair:4   | Found a staircase to the Slime Pits.
 17442 | Lair:4   | Received a gift from Trog
 17649 | Lair:4   | Found the +8 whip "Snakebite" {venom, curare, rPois}
 18313 | D:5      | Killed mavignon's ghost
 18582 | Lair:5   | Entered Level 5 of the Lair of Beasts
 19238 | Lair:5   | Reached XP level 14. HP: 70/132 MP: 0/13
 20173 | Lair:5   | Received a gift from Trog
 21426 | D:11     | Noticed Gastronok
 21443 | D:11     | Killed Gastronok
 22009 | D:12     | Noticed Snorg
 22021 | D:12     | Killed Snorg
 22040 | D:12     | Found a frozen archway.
 22064 | IceCv    | Entered an ice cave
 22186 | IceCv    | Received a gift from Trog
 22652 | IceCv    | Found an ancient bone altar of Kikubaaqudgha.
 22667 | IceCv    | Reached skill level 15 in Fighting
 22669 | IceCv    | Reached skill level 15 in Axes
 23461 | D:12     | Reached skill level 15 in Armour
 23680 | D:12     | Found a staircase to the Orcish Mines.
 24287 | D:12     | Reached ****** piety under Trog
 24548 | D:13     | Reached XP level 15. HP: 141/141 MP: 8/14
 25094 | D:13     | Received a gift from Trog
 25204 | D:13     | Found a gate to the Vaults.
 25627 | Orc:1    | Entered Level 1 of the Orcish Mines
 26162 | D:9      | Bought a scroll of magic mapping for 120 gold pieces
 26162 | D:9      | Bought a scroll of magic mapping for 120 gold pieces
 26292 | Orc:2    | Entered Level 2 of the Orcish Mines
 26363 | Orc:2    | Received a gift from Trog
 26412 | Orc:2    | Found a dark tunnel.
 26419 | Volcano  | Entered a volcano
 27129 | Orc:2    | Noticed Azrael
 27153 | Orc:2    | Killed Azrael
 27289 | Orc:2    | Found a staircase to the Elven Halls.
 27719 | Orc:2    | Found Deamuaj's Magic Scroll Shop.
 27802 | Orc:2    | Found a radiant altar of Vehumet.
 27814 | Orc:2    | Received a gift from Trog
 27945 | Orc:2    | Found an ancient bone altar of Kikubaaqudgha.
 27955 | Orc:2    | Found Pugopp's Antique Armour Boutique.
 28069 | Orc:2    | Found Seost's Antique Weapon Shop.
 28070 | Orc:2    | Found Wis Zulu's Jewellery Boutique.
 28126 | Orc:2    | Bought an iridescent war axe for 246 gold pieces
 28126 | Orc:2    | Identified the +4 war axe of No Interval {drain, rElec
                  | Dex+3 Stlth+} (You bought it in a shop on level 2 of the
                  | Orcish Mines)
 28219 | Orc:2    | Bought a polished plate armour for 924 gold pieces
 28219 | Orc:2    | Identified the +0 plate armour of Magheng {Int+7} (You
                  | bought it in a shop on level 2 of the Orcish Mines)
 28341 | D:14     | Found a runed translucent door.
 28361 | D:14     | Found a gate leading to a gauntlet.
 28370 | Gauntlet | Entered a Gauntlet
 28370 | Gauntlet | Found a transporter.
 28370 | Gauntlet | Found a transporter.
 28370 | Gauntlet | Found a transporter.
 28378 | Gauntlet | Found a transporter.
 28381 | Gauntlet | Found a transporter.
 28393 | Gauntlet | Found a transporter.
 28399 | Gauntlet | Found a transporter.
 28401 | Gauntlet | Found a transporter.
 28414 | Gauntlet | Found a transporter.
 28418 | Gauntlet | Found a transporter.
 28435 | Gauntlet | Found a transporter.
 28460 | Gauntlet | Found a transporter.
 28733 | Gauntlet | Identified the ring "Anurr" {*Corrode Int+8 Dex+6 Slay+6}
 28796 | Gauntlet | Identified the ring of Coqouz {Wiz +Blink Fly Dex-3 Slay+4}
 28872 | Gauntlet | Identified the +0 glaive of War {antimagic, rPois}
 29156 | D:14     | Found a sacrificial altar of Ru.
 29611 | D:14     | Noticed a lich
 29678 | D:14     | Noticed Ficoysum's ghost (journeyman GnWn)
 29679 | D:14     | Identified the +1 ring mail of the Moon Troll {Int+5}
 29679 | D:14     | Noticed a frost giant
 29679 | D:14     | Identified the amulet "Lebruer" {Faith Fragile rPois Int+3}
 29687 | D:14     | Found a runed translucent door.
 29806 | D:15     | Entered Level 15 of the Dungeon
 29989 | D:15     | Noticed Roxanne
 30249 | D:15     | Noticed Louise
 30269 | D:15     | Killed Louise
 30270 | D:15     | Reached skill level 15 in Dodging
 30336 | D:15     | Identified the +2 rapier "Lioluice" {venom, +Blink Fly
                  | Int+3}
 30406 | D:15     | Reached XP level 16. HP: 137/152 MP: 8/15
 30661 | D:15     | Found Ximec's Book Boutique.
 30683 | D:15     | Found Jiejaxt's Book Shoppe.
 31105 | D:15     | Found Lottiamo's Weapon Boutique.
 31163 | D:15     | Found a staircase to the Depths.
 31400 | D:15     | Killed Roxanne
 31400 | D:15     | Received a gift from Trog
 31701 | Orc:2    | Bought a ring of flight for 192 gold pieces
 31911 | Swamp:1  | Entered Level 1 of the Swamp
 32383 | Swamp:1  | Slain by a spriggan rider

Illustrated notes

Levels and vault maps discovered:
D:1:      dpeg_arrival_chambers_temple_mockup, layout_rooms,
          minmay_misc_feat_doors, nrook_loot_triangle
D:2:      layout_loops_cross, minmay_tetromino_i4
D:3:      layout_basic, nicolae_ecumenical_oubliette, small_statue_intersection,
          solitary_fountain
D:4:      layout_cave_pools, minmay_temple_entry_ruins, serial_forest,
          infiniplex_forest_lined_2, infiniplex_forest_lined_corner,
          infiniplex_forest_lined_2, infiniplex_forest_clump_diagonal,
          item_on_display_a
D:5:      layout_gridville, ebering_ghost_reflecting_pool, minmay_diced_spiral
D:6:      corexii_shantytown, layout_layer_cave, serial_shops,
          nicolae_shop_hallway_plus, minivault_14, dreamdust_mushroom_princess,
          minivault_5, minmay_checkerbox
D:7:      kennysheep_kobold_camp, layout_loops_ring,
          chequers_ossuary_entry_cave, uniq_joseph, uniq_prince_ribbit1
D:8:      cheibrodos_wizards_tower, layout_layer_cave, serial_shops,
          nicolae_take_the_stairs
D:9:      layout_irregular_city, fedhas_ov_isle_minmay, dpeg_lair_monsters,
          serial_shops, shop, nicolae_shop_peninsula, shop,
          nicolae_shop_hallway_stairs, nicolae_shop_statue_plus,
          grunt_livestock, uniq_pikel, uniq_erolcha, uniq_maggie
D:10:     layout_loops_ring, mainiacjoe_overflow_large_starburst,
          hangedman_fish_farm
D:11:     layout_loops_ring, kennysheep_another_room, uniq_gastronok
D:12:     layout_roguey [special_room_orc], minmay_orc_entry_temple_small,
          portal_ice_cave_entry_imps, feat_on_display, uniq_snorg
D:13:     layout_irregular_city, david_vaults_1
D:14:     layout_loops_ring, gauntlet_entry_generic,
          muffindrake_ghost_dual_entry, nicolae_ru_awakened_eye
D:15:     grunt_enter_depths_magical_seal, layout_long_grid, serial_shops, shop,
          nicolae_shop_back_alley_shop, shop, nicolae_lava_and_water,
          uniq_louise, uniq_roxanne
Lair:1:   layout_layer_cave, serial_bayou_ford_a, minmay_lair_oklob_bushes,
          grunt_megastairs_3, lemuel_fruit_tree
Lair:2:   layout_loops_ring, minmay_swamp_entry_eels,
          nicolae_spider_entry_tight_spaces, serial_forest,
          infiniplex_forest_straight_5, infiniplex_forest_clump_tiny,
          infiniplex_forest_straight_2, infiniplex_forest_clump_small,
          infiniplex_forest_corner_1, infiniplex_forest_split,
          infiniplex_forest_end_1, grunt_forest_large_clearing_hut
Lair:3:   layout_gridlike, grunt_megastairs_4, uniq_rupert
Lair:4:   minmay_guarded_unrand_snakebite, layout_cave_pods, slime_entry_2,
          grunt_megastairs_2
Lair:5:   grunt_lair_end_beastmaster, layout_hall_layers
Swamp:1:  layout_basic_swamp, serial_swamp_ruin, evilmike_swamp_ruin_rubble_1,
          hangedman_swamp_ruin_hall, evilmike_swamp_ruin_house_1, swamp_pool3,
          infiniplex_staircase_pool
Orc:1:    layout_caves
Orc:2:    kennysheep_orc_mage_school, layout_caves,
          nicolae_volcano_entry_s_turn, basic_altar, guppyfry_library_mini,
          uniq_azrael

Skill      XL: |  1  2  3  4  5  6  7  8  9 10 11 12 13 14 15 16 |
---------------+-------------------------------------------------+-----
Fighting       | 4 5 6 8 9 10 11 13 14 15 16 | 16.7
Axes           | 4 5 6 8 9 10 11 13 14 15 16 | 16.7
Armour         | 3 4 5 6 7 9 10 11 12 13 15 16 | 16.6
Dodging        | 3 4 5 6 8 9 10 11 12 14 15 | 15.3
Shields        | 4 6 9 10 12 13 14 | 14.1

Action                     |  1- 3 |  4- 6 |  7- 9 | 10-12 | 13-15 | 16-18 || total
---------------------------+-------+-------+-------+-------+-------+-------++-------
  Melee: Hand axe          |   104 |   146 |   277 |       |       |       ||   527
         Headbutt          |    11 |    31 |    69 |   104 |   252 |    36 ||   503
         Punch             |       |     3 |     5 |       |       |       ||     8
         Great mace        |       |       |    57 |       |       |       ||    57
         War axe           |       |       |    39 |   469 |  1077 |   126 ||  1711
  Throw: Javelin           |       |       |     4 |       |     1 |       ||     5
 Invoke: Berserk           |       |     2 |     4 |     6 |     9 |     1 ||    22
         Trog's Hand       |       |       |       |     1 |     5 |       ||     6
         Brothers in Arms  |       |       |       |     1 |       |     1 ||     2
  Evoke: Wand              |       |       |       |       |       |     1 ||     1
    Use: Scroll            |       |       |     8 |     4 |    21 |       ||    33
   Stab: Petrified         |       |       |       |       |     2 |       ||     2
         Petrifying        |       |       |       |       |     1 |       ||     1
 Armour: Animal skin       |     6 |       |       |       |       |       ||     6
         Plate armour      |    44 |    86 |   175 |   143 |   177 |       ||   625
         Crystal plate arm |       |       |       |       |   225 |    45 ||   270
  Dodge: Dodged            |    50 |    41 |   149 |   102 |   238 |    23 ||   603
  Block: Other             |       |       |    51 |     3 |       |       ||    54
         Reflection        |       |       |     6 |     9 |    35 |     2 ||    52
         Kite shield       |       |       |       |   289 |   800 |       ||  1089
         Tower shield      |       |       |       |       |     9 |   124 ||   133
